 Dungeon Crawl Stone Soup version 0.20.0-10-g0535bb4 (webtiles) character file.

124 ziek the Poker (level 4, 0/35 HPs)
             Began as a Demonspawn Abyssal Knight on June 5, 2017.
             Was a Believer of Lugonu.
             Slain by an orc
             ... wielding a cursed -1 club
              (2 damage)
             ... on level 3 of the Dungeon.
             The game lasted 00:17:31 (2733 turns).

ziek the Poker (Demonspawn Abyssal Knight)          Turns: 2733, Time: 00:17:32

Health: 0/35       AC: 13    Str: 14    XL:     4   Next: 81%
Magic:  5/5        EV: 11    Int: 13    God:    Lugonu [**....]
Gold:   102        SH:  0    Dex: 12    Spells: 3/3 levels left

rFire    . . .     SeeInvis .   a - +1 spear
rCold    . . .     Gourm    .   (no shield)
rNeg     . . .     Faith    .   k - +1 ring mail
rPois    .         Spirit   .   (helmet restricted)
rElec    .         Reflect  .   (no cloak)
rCorr    .         Harm     .   (no gloves)
MR       .....                  v - +0 pair of boots
Stlth    +.........             (no amulet)
Regen    0.2/turn               q - ring of flight
MPRegen  0.1/turn               (no ring)

@: sanguine armour, very slow
A: antennae 1, sanguine armour 1
a: Depart the Abyss, Bend Space, Renounce Religion, Evoke Flight


You were on level 3 of the Dungeon.
You worshipped Lugonu.
Lugonu was pleased with you.
You were not hungry.

You visited 1 branch of the dungeon, and saw 3 of its levels.
You visited the Abyss 1 time.

You collected 102 gold pieces.

Inventory:

Hand Weapons
 a - a +1 spear (weapon)
 d - a +0 club
 g - a +0 club
 h - a +0 short sword
 i - a +0 dagger
 s - a +0 club
 t - a +0 dagger
 w - a +0 club
 y - a +0 whip
Missiles
 e - 33 sling bullets
 f - 29 stones (quivered)
 n - 21 bolts
 u - 14 poisoned needles
Armour
 b - a +0 leather armour
 k - a +1 ring mail (worn)
 l - a +0 leather armour
 m - a +0 leather armour
 v - a +0 pair of boots (worn)
 A - a +0 leather armour
Jewellery
 q - a ring of flight (left hand)
Scrolls
 p - 2 scrolls of remove curse
Comestibles
 c - 2 bread rations
 j - a chunk of flesh
 r - a royal jelly


   Skills:
 - Level 3.4 Fighting
 + Level 3.5 Polearms
 + Level 2.5 Armour
 + Level 1.5 Dodging
 + Level 2.5 Invocations


You had 3 spell levels left.
You didn't know any spells.

Dungeon Overview and Level Annotations

Branches:
Dungeon (2/15)

Altars:


Innate Abilities, Weirdness & Mutations

You have a pair of small antennae on your head.
When seriously injured, your bleeding wounds create armour. (AC +6)


Message History

The orc wizard splashes around in the water.
The orc barely misses you.
Your unstable footing causes you to fumble your attack.
The orc wizard casts a spell at you. The puff of frost hits you!
The orc splashes around in the water.
You hit the orc but do no damage. The orc wizard casts a spell at you.
The puff of frost hits you!
* * * LOW HITPOINT WARNING * * *
The orc wizard gestures at you while chanting.
The magic dart hits you!
* * * LOW HITPOINT WARNING * * *
You hit the orc.
The orc is almost dead.
The orc hits you but does no damage.
The orc wizard hits you but does no damage.
Your unstable footing causes you to fumble your attack.
The orc wizard splashes around in the water.
The orc hits you with a club.
You die...

######...≈≈#
........≈≈≈#
#####...#≈####
#..≈≈≈#≈≈
###..o#÷#≈#####
#...≈oo≈#≈≈≈≈≈#
#...o≈#{#≈#≈#≈≈≈≈
#....≈#o#o# # #
#.#...#oo@#
#.#...#####
..###{# ## ...
#..# ..# .#


You could see an orc priest, an orc wizard and 2 orcs.

Vanquished Creatures
  5 adders
  3 river rats (D:3)
  An ooze (D:2)
  2 worms
  A dart slug (D:2)
  2 leopard geckos
  A ball python (D:2)
  A bat (D:1)
  A giant cockroach (D:1)
  2 goblins
  6 hobgoblins
  4 jackals (D:1)
  4 kobolds
  2 frilled lizards (D:1)
  7 rats
42 creatures vanquished.

Notes
Turn   | Place    | Note
-------+----------+-------------------------------------------
     0 | Abyss:1  | ziek the Demonspawn Abyssal Knight began the quest for the Orb.
     0 | Abyss:1  | Reached XP level 1. HP: 18/18 MP: 2/2
    61 | D:1      | Escaped the Abyss
   206 | D:1      | Reached skill level 1 in Dodging
   563 | D:1      | Gained mutation: You have a pair of small antennae on your head. [demonic ancestry]
   563 | D:1      | Reached XP level 2. HP: 23/24 MP: 3/3
   972 | D:1      | Reached ** piety under Lugonu
  1316 | D:2      | Gained mutation: When seriously injured, your bleeding wounds create armour. (AC +6) [demonic ancestry]
  1316 | D:2      | Reached XP level 3. HP: 26/29 MP: 4/4
  2092 | D:2      | Reached XP level 4. HP: 35/35 MP: 5/5
  2233 | D:2      | You fall through a shaft!
  2733 | D:3      | Slain by an orc

Skill      XL: |  1  2  3 |
---------------+----------+-----
Dodging        | 1 |  1.5
Polearms       | 2 3 |  3.5
Armour         | 2 |  2.5
Fighting       | |  3.4
Invocations    | |  2.5

Action                   |  1- 3 |  4- 6 || total
-------------------------+-------+-------++-------
Melee: Spear             |   138 |    82 ||   220
  Use: Scroll            |     4 |       ||     4
       Potion            |     1 |     4 ||     5
  Eat: Meat ration       |     1 |       ||     1
       Royal jelly       |       |     1 ||     1
Armor: Leather armour    |    27 |       ||    27
       Ring mail         |    35 |    37 ||    72
Dodge: Dodged            |    74 |    50 ||   124
